 Dungeon Crawl Stone Soup version 0.30.0-5-g1a98f26d00 (webtiles) character file.

Game seed: 9451685082343771623

23 javelincjr the Firebug (level 2, 0/19 HPs)
             Began as a Demonspawn Fire Elementalist on May 12, 2023.
             Shot with a sling bullet by a kobold (1 damage)
             ... on level 1 of the Dungeon.
             The game lasted 00:04:09 (879 turns).

javelincjr the Firebug (DsFE)                        Turns: 879, Time: 00:04:10

Health: 0/19       AC:  3    Str:  8    XL:     2   Next: 75%
Magic:  0/5        EV: 12    Int: 16    God:
Gold:   55         SH:  0    Dex: 13    Spells: 2/5 levels left

rFire   + . .        (no weapon)
rCold   . . .        (no shield)
rNeg    . . .        a - +0 robe
rPois   .            (no helmet)
rElec   .            e - +0 cloak
rCorr   .            (no gloves)
SInv    .            (no boots)
Will    .....        (no amulet)
Stlth   ++           g - ring of protection from fire
HPRegen 0.23/turn    (no ring)
MPRegen 0.09/turn

%: no passive effects
@: no status effects
A: foul stench 1
a: no special abilities


You were on level 1 of the Dungeon.
You visited 1 branch of the dungeon, and saw 1 of its levels.

You collected 55 gold pieces.

Inventory:

Armour
 a - a +0 robe (worn)
 e - a +0 cloak (worn)
Jewellery
 g - a ring of protection from fire (left hand)
Scrolls
 c - a scroll of fear {unknown}
Potions
 b - a potion of magic
 d - a potion of attraction {unknown}
 f - a potion of resistance {unknown}


   Skills:
 + Level 2.1 Dodging
 - Level 1.8 Stealth
 * Level 2.4 Spellcasting
 + Level 1.4 Conjurations
 + Level 2.9 Fire Magic


You had 2 spell levels left.
You knew the following spells:

 Your Spells              Type           Power      Damage    Failure   Level
a - Foxfire               Conj/Fire      36%        2x1d5     9%          1
b - Scorch                Fire           22%        2d6       9%          2

Your spell library contained the following spells:

 Spells                   Type           Power      Damage    Failure   Level
 Cigotuvi's Dreadful Rot  Necr/Pois/Air  2%         N/A       30%         2
 Inner Flame              Hex/Fire       6%         N/A       32%         3
 Volatile Blastmotes      Fire/Tloc      12%        2d11      32%         3
 Ignite Poison            Fire/Tmut/Pois 5%         N/A       36%         3
 Flame Wave               Conj/Fire      9%         2d6       63%         4
 Freezing Cloud           Conj/Ice/Air   1%         6-21      99%         5


Dungeon Overview and Level Annotations

Branches:
Dungeon (1/15)

Altars:


Innate Abilities, Weirdness & Mutations

You may rarely emit foul miasma when damaged in melee.


Message History

The ball python bites you but does no damage.
The ball python constricts you. The kobold barely misses you.
You hit the ball python.
The ball python is heavily wounded.
The ball python bites you. The ball python constricts you.
The kobold hits you with a +0 hand axe.
You escape the ball python's grasp.
The ball python attacks as you move away!
The ball python misses you. The kobold attacks as you move away!
The kobold misses you.
You are too injured to fight recklessly!
Unknown command.
Casting: Foxfire (safe; 9% risk of failure)
Confirm with . or Enter, or press ? or * to list all spells.
You conjure some foxfire!
The ball python bites you. The ball python completely misses you.
The foxfire hits the kobold.
The kobold is moderately wounded.
The ball python attacks as you move away!
The ball python bites you but does no damage.
The ball python barely misses you.
The foxfire hits the kobold.
The kobold is severely wounded.
You hit the ball python.
The ball python is severely wounded.
The ball python completely misses you. The ball python grabs you.
The ball python constricts you.
The ball python's grasp on you weakens, but your attempt to escape fails.
The ball python bites you.
* * * LOW HITPOINT WARNING * * *
The ball python constricts you. The kobold closely misses you.
The ball python closely misses you. The ball python constricts you.
You escape the ball python's grasp.
The kobold attacks as you move away! The kobold hits you with a +0 hand axe.
* * * LOW HITPOINT WARNING * * *
The kobold unwields a +0 hand axe.
The kobold wields a +2 sling of freezing.
It is covered in frost.
The kobold shoots a sling bullet.
The sling bullet hits you.
* * * LOW HITPOINT WARNING * * *
The sling bullet freezes you.
You die...

....######## #.# #..##...
...........# #.# #..##...
........)..# #.# #..##.<.
#.).......# #.# #..##... .
#.........# #.# #..##...
..#.........###.####..###'#
................##....###.#
.#.....K...#.###...⌠......
#....gS.@.#..............
###...#####.##.######.###
#.?.# #.##.# ####'### #....
..##.# #....... #...##
#####.# #....... #.... #.#
######## #.... ..# #.#..
... #.#... ... #


You could see a hobgoblin, a ball python and a kobold.

Vanquished Creatures
  2 dart slugs (D:1)
  3 endoplasms (D:1)
  A giant cockroach (D:1)
  3 goblins (D:1)
  2 hobgoblins (D:1)
  A quokka (D:1)
  2 bats (D:1)
  2 kobolds (D:1)
  3 rats (D:1)
19 creatures vanquished.

Vanquished Creatures (others)
  56 foxfires (D:1)
56 creatures vanquished.

Grand Total: 75 creatures vanquished

Notes
Turn   | Place    | Note
-------+----------+-------------------------------------------
     0 | D:1      | javelincjr the Demonspawn Fire Elementalist began the quest
                  | for the Orb.
     0 | D:1      | Reached XP level 1. HP: 13/13 MP: 3/3
   240 | D:1      | Gained mutation: You may rarely emit foul miasma when
                  | damaged in melee. [demonic ancestry]
   240 | D:1      | Reached XP level 2. HP: 17/19 MP: 0/5
   352 | D:1      | Learned a level 2 spell: Scorch
   879 | D:1      | Shot with a sling bullet by a kobold

Illustrated notes

Levels and vault maps discovered:
D:1:      dpeg_arrival_rooms_a, layout_basic, corexii_item_surrounded_by_moat,
          nrook_mini_backslash

Skill      XL: |  1  2 |
---------------+-------+-----
Dodging        | 2 |  2.1
Stealth        | |  1.8
Spellcasting   | |  2.4
Conjurations   | |  1.4
Fire Magic     | |  2.9

Action                     || total
---------------------------++-------
  Melee: Unarmed           ||    20
         Punch             ||     1
   Cast: Foxfire           ||    34
         Scorch            ||     3
 Armour: Robe              ||     4
  Dodge: Dodged            ||    27
